 Dungeon Crawl Stone Soup version 0.22.1-1-ga44c0e56f4 (webtiles) character file.

686 Knicklaso the Conjurer (level 7, -2/52 HPs)
             Began as a Demonspawn Wizard on Oct 3, 2018.
             Was an Initiate of Wu Jian.
             Slain by a sky beast (6 damage)
             ... on level 5 of the Dungeon.
             The game lasted 00:13:08 (6072 turns).

Knicklaso the Conjurer (Demonspawn Wizard)          Turns: 6072, Time: 00:13:09

Health: -2/52      AC:  2    Str:  7    XL:     7   Next: 35%
Magic:  9/13       EV: 12    Int: 21    God:    Wu Jian [......]
Gold:   180        SH:  0    Dex: 12    Spells: 5/14 levels left

rFire    . . .     SeeInvis .   l - +0 dagger (venom)
rCold    . . .     Gourm    .   (no shield)
rNeg     . . .     Faith    .   a - +0 robe
rPois    .         Spirit   .   b - +0 hat
rElec    .         Reflect  .   (no cloak)
rCorr    .         Harm     .   (gloves unavailable)
MR       .....                  (no boots)
Stlth    ++........             (no amulet)
HPRegen  0.17/turn              (no ring)
MPRegen  0.13/turn              (no ring)

@: no status effects
A: claws 3, hooves 1, demonic guardian 1
a: Renounce Religion


You were on level 5 of the Dungeon.
You worshipped Wu Jian.
Wu Jian was noncommittal.
You were not hungry.

You visited 2 branches of the dungeon, and saw 6 of its levels.

You collected 180 gold pieces.

Inventory:

Hand Weapons
 l - a +0 dagger of venom (weapon)
 p - a +0 blowgun
 w - a +2 whip of venom
Missiles
 h - 148 stones (quivered)
 n - 98 arrows
 s - 14 poisoned needles
Armour
 a - a +0 robe (worn)
 b - a +0 hat (worn)
Jewellery
 r - an uncursed ring of positive energy {unknown}
Scrolls
 e - 4 scrolls of teleportation {unknown}
 f - 2 scrolls of random uselessness {unknown}
 g - 3 scrolls of remove curse {unknown}
 j - a scroll of enchant armour {unknown}
 k - 6 scrolls of identify {unknown}
 m - a scroll of amnesia {unknown}
 o - a scroll of fog {unknown}
 v - 2 scrolls of noise {unknown}
Potions
 c - a potion of might {unknown}
 i - 3 potions of curing
 q - 3 potions of magic {unknown}
 t - a potion of heal wounds {unknown}
 u - a potion of degeneration {unknown}
 x - a potion of lignification {unknown}
 z - a potion of haste {unknown}
 B - a potion of agility {unknown}
Comestibles
 d - 8 rations


   Skills:
 + Level 3.2 Fighting
 - Level 1.7 Dodging
 - Level 1.7 Stealth
 + Level 4.3 Spellcasting
 * Level 5.0 Conjurations
   Level 1.0 Summonings
 + Level 1.7 Translocations
 + Level 1.3 Fire Magic
 + Level 1.3 Air Magic
 + Level 1.6 Poison Magic


You had 5 spell levels left.
You knew the following spells:

 Your Spells              Type           Power        Failure   Level  Hunger
a - Magic Dart            Conj           ####         1%          1    None
b - Mephitic Cloud        Conj/Pois/Air  ###.....     12%         3    ##.....
c - Conjure Flame         Conj/Fire      ###.....     10%         3    ##.....
d - Blink                 Tloc           N/A          9%          2    #......

Your spell library contained the following spells:

 Spells                   Type           Power        Failure   Level  Hunger
 Call Imp                 Summ           #.......     12%         2    #......
 Slow                     Hex            #.......     17%         2    #......


Dungeon Overview and Level Annotations

Branches:
Dungeon (5/15)             Temple (1/1) D:4

Altars:
Ashenzari
Cheibriados
Dithmenos
Fedhas
Gozag
Kikubaaqudgha
Nemelex Xobeh
Okawaru
Qazlal
Ru
Trog
Uskayaw
Vehumet
Wu Jian
Xom
Yredelemnul
Zin

Shops:
D:5 (

Annotations:
D:3 1 runed door, exclusion: downstairs, Zarkath's ghost, amateur GrFi


Innate Abilities, Weirdness & Mutations

You have claws for hands.
You have large cloven feet.
A weak demonic guardian rushes to your aid.


Message History

Casting: Magic Dart (safe; 1% risk of failure)
Confirm with . or Enter, or press ? or * to list all spells.
Okay, then.
Casting: Magic Dart (safe; 1% risk of failure)
Confirm with . or Enter, or press ? or * to list all spells.
You blink.
It was a potion of curing.
You feel better.
A sky beast appears from thin air!
Reactivating autopickup.
Found 15 gold pieces.
The sky beast flickers out of sight!
Deactivating autopickup; reactivate with Ctrl-A.
Something hits you.
* * * LOW HITPOINT WARNING * * *
Something shocks you.
* * * LOW HITPOINT WARNING * * *
Something hits you.
* * * LOW HITPOINT WARNING * * *
Something shocks you.
You die...

######
##...$.########
#................
.................
................
#..!............
#.........# ..#
########.....[...##.#
.... ..........@#..#
...∩.###.........5).#
.# #...#............#
.# #............###
.# ##.........## .##
#..........# ..##
##..........#
...###.....%.#####
....##..###.##


You could see a friendly ufetubus.

Vanquished Creatures
  An ice beast (D:5)
  A centaur (D:5)
  A crimson imp (D:5)
  An orc wizard (D:5)
  2 worker ants (D:4)
  2 adders
  3 gnolls (D:3)
  A shadow imp (D:5)
  2 oozes
  A worm (D:2)
  2 dart slugs
  2 leopard geckos
  6 orcs
  4 giant cockroaches
  6 goblins
  6 hobgoblins
  2 jackals (D:1)
  3 quokkas
  A ball python (D:5)
  4 bats
  2 frilled lizards
  6 kobolds
  5 rats
64 creatures vanquished.

Vanquished Creatures (collateral kills)
  An ice beast (D:5)
  2 ogres (D:4)
  A howler monkey (D:4)
  A crimson imp (D:4)
  3 hounds
  A bat (D:4)
9 creatures vanquished.

Grand Total: 73 creatures vanquished

Notes
Turn   | Place    | Note
-------+----------+-------------------------------------------
     0 | D:1      | Knicklaso the Demonspawn Wizard began the quest for the
                  | Orb.
     0 | D:1      | Reached XP level 1. HP: 13/13 MP: 4/4
   213 | D:1      | Gained mutation: A weak demonic guardian rushes to your
                  | aid. [demonic ancestry]
   213 | D:1      | Reached XP level 2. HP: 13/20 MP: 1/6
   926 | D:1      | Reached skill level 2 in Conjurations
  1113 | D:2      | Reached skill level 1 in Fighting
  1118 | D:2      | Gained mutation: You have sharp fingernails. [demonic
                  | ancestry]
  1118 | D:2      | Reached XP level 3. HP: 6/26 MP: 1/7
  2284 | D:3      | Gained mutation: You have very sharp fingernails. [demonic
                  | ancestry]
  2284 | D:3      | Reached XP level 4. HP: 32/32 MP: 5/9
  2744 | D:3      | Reached skill level 3 in Conjurations
  2831 | D:3      | Found a bloodstained altar of Trog.
  3417 | D:3      | Found a runed door.
  3417 | D:3      | Noticed Zarkath's ghost (amateur GrFi)
  3417 | D:3      | Noticed an ogre
  3482 | D:4      | Gained mutation: You have claws for hands. [demonic
                  | ancestry]
  3482 | D:4      | Reached XP level 5. HP: 31/38 MP: 10/10
  3749 | D:4      | Noticed an ogre
  3749 | D:4      | Noticed an ogre
  4087 | D:4      | Killed an ogre
  4087 | D:4      | Reached skill level 4 in Conjurations
  4272 | D:4      | Learned a level 3 spell: Mephitic Cloud
  4276 | D:4      | Learned a level 3 spell: Conjure Flame
  4279 | D:4      | Learned a level 2 spell: Blink
  4336 | D:4      | Reached XP level 6. HP: 42/46 MP: 9/12
  4343 | D:4      | Reached skill level 1 in Translocations
  4490 | D:4      | Found a shattered altar of Ashenzari.
  4491 | D:4      | Found a sparkling altar of Nemelex Xobeh.
  4573 | D:4      | Found a staircase to the Ecumenical Temple.
  4613 | Temple   | Entered the Ecumenical Temple
  4983 | Temple   | Became a worshipper of the Wu Jian Council
  5206 | D:5      | Entered Level 5 of the Dungeon
  5457 | D:5      | Reached skill level 1 in Fire Magic
  5457 | D:5      | Reached skill level 1 in Air Magic
  5457 | D:5      | Reached skill level 1 in Poison Magic
  5716 | D:5      | Noticed an ice beast
  5753 | D:5      | Noticed an ice beast
  5757 | D:5      | Killed an ice beast
  5757 | D:5      | Gained mutation: You have large cloven feet. [demonic
                  | ancestry]
  5757 | D:5      | Reached XP level 7. HP: 25/52 MP: 5/13
  5765 | D:5      | Reached skill level 5 in Conjurations
  6049 | D:5      | Found Qoyc's Antique Weapon Emporium.
  6072 | D:5      | Slain by a sky beast

Skill      XL: |  1  2  3  4  5  6  7 |
---------------+----------------------+-----
Conjurations   | 2 3 4 5 |  5.0
Fighting       | 1 2 3 |  3.2
Spellcasting   | 4 |  4.3
Translocations | 1 |  1.7
Fire Magic     | 1 |  1.3
Air Magic      | 1 |  1.3
Poison Magic   | 1 |  1.6
Dodging        | |  1.7
Stealth        | |  1.7
Summonings     | |  1.0

Action                   |  1- 3 |  4- 6 |  7- 9 || total
-------------------------+-------+-------+-------++-------
Melee: Short sword       |    22 |       |       ||    22
       Dagger            |    25 |    84 |     6 ||   115
       Kick              |       |       |     1 ||     1
 Cast: Magic Dart        |    62 |    73 |    16 ||   151
       Blink             |       |       |     1 ||     1
  Use: Potion            |       |       |     1 ||     1
 Stab: Sleeping          |     2 |       |       ||     2
       Distracted        |     1 |       |       ||     1
  Eat: Chunk             |     4 |     7 |     1 ||    12
       Ration            |       |     1 |       ||     1
Armor: Robe              |     6 |    11 |     3 ||    20
Dodge: Dodged            |    33 |    38 |       ||    71
